 Dungeon Crawl Stone Soup version 0.22.1-2-g9c5b331 (webtiles) character file.

204 JustSomeDude the Sneak (level 5, 0/39 HPs)
             Began as a Demonspawn Assassin on Dec 29, 2018.
             Slain by a quokka skeleton (1 damage)
             ... on level 4 of the Dungeon.
             The game lasted 00:09:03 (2458 turns).

JustSomeDude the Sneak (Demonspawn Assassin)        Turns: 2458, Time: 00:09:04

Health: 0/39       AC:  3    Str: 11    XL:     5   Next: 52%
Magic:  0/5        EV: 13    Int: 12    God:
Gold:   136        SH:  0    Dex: 16    Spells: 4/4 levels left

rFire    . . .     SeeInvis .   m - +4 short sword
rCold    . . .     Gourm    .   (no shield)
rNeg     . . .     Faith    .   c - +0 robe
rPois    .         Spirit   +   (helmet restricted)
rElec    .         Reflect  .   d - +0 cloak
rCorr    .         Harm     .   (no gloves)
MR       .....                  (no boots)
Stlth    +++.......             (no amulet)
HPRegen  0.13/turn              (no ring)
MPRegen  0.09/turn              (no ring)

@: no status effects
A: hooves 1, horns 1, magic shield
a: no special abilities


You were on level 4 of the Dungeon.
You were hungry.

You visited 2 branches of the dungeon, and saw 5 of its levels.

You collected 136 gold pieces.

Inventory:

Hand Weapons
 a - a +2 dagger
 b - a +0 blowgun
 m - a +4 short sword (weapon)
Missiles
 e - 21 poisoned needles
 f - 2 curare-tipped needles
 n - 97 stones (quivered)
Armour
 c - a +0 robe (worn)
 d - a +0 cloak (worn)
 p - a +0 buckler
 x - a +0 chain mail
Scrolls
 h - a scroll of enchant armour {unknown}
 i - 2 scrolls of identify
 j - a scroll of fog
 k - a scroll of remove curse {unknown}
 l - a scroll of immolation {unknown}
 q - a scroll of amnesia {unknown}
 s - 3 scrolls of enchant weapon {unknown}
 t - a scroll of magic mapping {unknown}
 u - 2 scrolls of teleportation {unknown}
Potions
 o - a potion of might {unknown}
 r - a potion of lignification {unknown}
 v - a potion of mutation {unknown}
Comestibles
 g - 3 rations


   Skills:
 + Level 2.5 Fighting
 + Level 3.2 Short Blades
 + Level 2.0 Throwing
 + Level 2.2 Dodging
 + Level 4.9 Stealth


You had 4 spell levels left.
You didn't know any spells.
Your spell library was empty.

Dungeon Overview and Level Annotations

Branches:
Dungeon (4/15)             Temple (1/1) D:4

Altars:
Ashenzari
Fedhas
Hepliaklqana
Kikubaaqudgha
Makhleb
Nemelex Xobeh
Qazlal
Ru
Sif Muna
Trog
Uskayaw
Vehumet
Wu Jian
Xom
Yredelemnul
Zin

Annotations:
D:4 Menkaure


Innate Abilities, Weirdness & Mutations

You have large cloven feet.
You have a pair of small horns on your head.
When hurt, damage is shared between your health and your magic reserves.


Message History

The quokka skeleton barely misses you. The quokka skeleton closely misses you.
The quokka skeleton bites you.
* * * LOW HITPOINT WARNING * * *
The quokka skeleton barely misses you. The quokka skeleton bites you.
* * * LOW HITPOINT WARNING * * *
The quokka skeleton bites you.
* * * LOW HITPOINT WARNING * * *
The quokka skeleton barely misses you. The quokka skeleton barely misses you.
The quokka skeleton barely misses you. The quokka skeleton bites you.
* * * LOW HITPOINT WARNING * * *
The quokka skeleton bites you.
* * * LOW HITPOINT WARNING * * *
The quokka skeleton barely misses you. The quokka skeleton barely misses you.
The quokka skeleton bites you.
You die...

###.###.###.#
#.# #.# #.#
#.# #.###.#
#.# #.#...# #
#.# #.#.#.#.#
#.# #...#.#.#
#.# #.......#
#.# #..P.P..#
#.# #...@..##
##. #.#
#..PZP......
... #.#
#......#####
### #.#
######## #.#
#.# #.# #.#
#.#


You could see a quokka skeleton.

Vanquished Creatures
  A howler monkey (D:4)
  An orc priest (D:3)
  3 gnolls (D:2)
  5 adders
  A worm (D:2)
  A leopard gecko (D:2)
  4 orcs (D:3)
  4 giant cockroaches
  8 goblins
  3 hobgoblins (D:2)
  3 jackals (D:3)
  A ball python (D:1)
  7 bats
  4 frilled lizards
  8 kobolds
  4 rats
58 creatures vanquished.

Notes
Turn   | Place    | Note
-------+----------+-------------------------------------------
     0 | D:1      | JustSomeDude the Demonspawn Assassin began the quest for
                  | the Orb.
     0 | D:1      | Reached XP level 1. HP: 16/16 MP: 1/1
    62 | D:1      | Reached skill level 1 in Dodging
   303 | D:1      | Reached skill level 4 in Stealth
   303 | D:1      | Gained mutation: You have large cloven feet. [demonic
                  | ancestry]
   303 | D:1      | Reached XP level 2. HP: 13/22 MP: 2/2
   784 | D:2      | Gained mutation: You have a pair of small horns on your
                  | head. [demonic ancestry]
   784 | D:2      | Reached XP level 3. HP: 12/27 MP: 3/3
  1219 | D:2      | Gained mutation: When hurt, damage is shared between your
                  | health and your magic reserves. [demonic ancestry]
  1219 | D:2      | Reached XP level 4. HP: 20/33 MP: 4/4
  1865 | D:3      | Reached XP level 5. HP: 33/39 MP: 5/5
  2114 | D:4      | Noticed Menkaure
  2288 | D:4      | Found a staircase to the Ecumenical Temple.
  2298 | Temple   | Entered the Ecumenical Temple
  2455 | D:4      | HP: 1/39 [quokka skeleton (1)]
  2458 | D:4      | Slain by a quokka skeleton

Skill      XL: |  1  2  3  4  5 |
---------------+----------------+-----
Dodging        | 1 2 |  2.2
Stealth        | 4 |  4.9
Short Blades   | 2 3 |  3.2
Throwing       | 2 |  2.0
Fighting       | |  2.5

Action                   |  1- 3 |  4- 6 || total
-------------------------+-------+-------++-------
Melee: Dagger            |    19 |       ||    19
       Short sword       |    49 |    76 ||   125
       Kick              |     9 |    12 ||    21
       Headbutt          |     7 |    11 ||    18
  Use: Scroll            |       |     2 ||     2
 Stab: Sleeping          |     4 |     5 ||     9
       Distracted        |       |     1 ||     1
  Eat: Chunk             |     1 |     3 ||     4
Armor: Robe              |    17 |    37 ||    54
Dodge: Dodged            |    41 |   107 ||   148
